Unix NetHack Version 5.0.0-0 post-release - last build Jun 10 2026 00:39:30 (3ee93aec679c4c4259841fe613dc97188e26a321,branch:main).

Game began 2026-06-29 14:07:03, ended 2026-06-29 14:18:42.

Ch3Begorrah, chaotic male human Rogue

                                                         !              *
    )  -------                               --------          /          %
       |.....|       --------------         #........#
       |.....|       |............|          |......|#   ----------     -----
       |......####   |............|         #-......|#   |.......>-## ##|.^.|
       -|-----   ####.............|         #--------#   |.{.)....| ### |..{|
        #            --+-----------      ###         #   |.......(|#####....|
        #              #                 #           #   ----------    #--.--
     `  #              ##              ###           #                 #  #
        #               ####           #             #               ###  #
        #                  ####    #####  (          #               #    #
        #                     #    /                ##              ##    #
 -------|------               ##   ?                #----|----------#     [
 |............|               -|---# "              #|......^.......#     #
 |..........<.|               |.>.|#                #....^.........|      #
 |............|               |...|#  =              |..........._.|     -|---
 |............|               |..?N@                 ---------------     |!..|
 |......{.....|               --+--                                      |.)+|
 --------------        +                   [         = +        )        -----

Ch3Begorrah the Cutpurse  St:12 Dx:18 Co:14 In:11 Wi:11 Ch:9  Chaotic
Dlvl:3  $:72 HP:0(21) Pw:14(14) AC:3  Xp:3 T:1575  Hallu

Latest messages:
 You throw 2 daggers.
 The 1st dagger hits the orc zombie.
 You kill the hydra!
 i - 2 +0 daggers (at the ready) (6 in total).
 You see here an iron skull cap.
 E - an iron skull cap.
 What do you want to wear? [E or ?*] E
 You finish your dressing maneuver.
 You hear Neiman and Marcus arguing!
 You fall into a pit!
 You are still in a pit.
 You've fallen, and you can't get up.
 You crawl to the edge of the devil teleporter.
 You hear some noises in the distance.
 You already found a monster.  Use 'm' prefix to force another search.
 The human zombie bites!
 You hit the hill orc.
 The orc-captain misses!
 In what direction? j
 You throw 2 daggers.
 The 1st dagger hits the tofurkey.
 You kill the ettin mummy!
 The regex engine bites!
 i - a +0 dagger (at the ready) (5 in total).
 You hear some noises in the distance.
 F - a whistle.
 The Dalek bites!
 In what direction? k
 You kill the pigasus!
 i - a +0 dagger (at the ready) (5 in total).
 You see here a jackal corpse.
 You see here a jackal corpse.
 You see here a yellow mold corpse.
 i - a +0 dagger (at the ready) (6 in total).
 The paper golem bites!
 In what direction? h
 The dagger hits the beholder.
 The centipede bites!
 The doppelganger bites!
 In what direction? h
 The dagger hits the sasquatch.
 The dahu bites!
 The killer bee misses!
 The stone golem bites!
 You die...
 Do you want your possessions identified? [ynq] (y) n
 Do you want to see your attributes? [ynq] (y) n
 Do you want an account of creatures vanquished? [ynaq] (y) y
 Do you want to see your conduct and achievements? [ynq] (y) y
 Do you want to see the dungeon overview? [ynq] (y) y

Inventory:
 Coins    ('$')
  $ - 72 gold pieces
 Weapons  (')')
  o - 10 blessed +0 darts
  b - a +0 dagger (weapon in right hand)
  i - 4 +0 daggers (at the ready)
  a - a blessed +0 short sword (alternate weapon; not wielded)
 Armor    ('[')
  E - an uncursed +0 orcish helm (being worn)
  j - an uncursed +0 cloak of protection (being worn)
  c - an uncursed +1 leather armor (being worn)
 Comestibles  ('%')
  C - an uncursed banana
 Scrolls  ('?')
  t - an uncursed scroll of confuse monster
  D - an uncursed scroll of earth
  q - a cursed scroll of identify named cursed
 Spellbooks  ('+')
  z - an uncursed spellbook of detect monsters
  w - an uncursed spellbook of finger of death
 Potions  ('!')
  h - an uncursed potion of hallucination
  d - an uncursed potion of sickness
 Wands    ('/')
  A - a wand of digging (0:6)
 Tools    ('(')
  f - an empty uncursed sack
  e - an uncursed lock pick
  k - a cursed lock pick
  F - an uncursed tin whistle
 Gems/Stones  ('*')
  u - an uncursed chrysoberyl stone
  p - a cursed worthless piece of green glass
  B - a cursed worthless piece of violet glass

Ch3Begorrah the Rogue's attributes:

Background:
 You were a Cutpurse, a level 3 male human Rogue.
 You were chaotic, nominally on a mission for Kos
 who was opposed by Issek (lawful) and Mog (neutral).
 You were right-handed.
 You were in the Dungeons of Doom, on level 3.
 You entered the dungeon 1575 turns ago.
 There was a full moon in effect when your adventure ended.
 You had 53 experience points, 27 more were needed to attain level 4.

Basics:
 You had 0 out of 21 hit points.
 You had all 14 energy points (spell power).
 Your armor class was 3.
 Your wallet contained 72 cubits.
 Autopickup was on for '$!/(' plus thrown, with exceptions.

Final Characteristics:
 Your strength was 12 (limit:18/100).
 Your dexterity was 18 (limit:18).
 Your constitution was 14 (limit:18).
 Your intelligence was 11 (limit:18).
 Your wisdom was 11 (peak:12, limit:18).
 Your charisma was 9 (limit:18).

Final Status:
 You were hallucinating.
 You weren't hungry.
 You were unencumbered.
 You were wielding a dagger.
 You had basic skill with dagger.

Final Attributes:
 You were devoutly aligned.
 You were stealthy.
 You were protected.
 You were lucky.
 You are dead.

Miscellaneous:
 You didn't encounter any bones levels.
 Total elapsed playing time was 11 minutes and 39 seconds.

Major events:
 Turn
    1: Ch3Begorrah the chaotic male human Rogue entered the dungeon
 1396: attained the rank of Cutpurse (level 3)
 1401: entered the Gnomish Mines
 1575: killed by a hallucinogen-distorted giant bat

You didn't know any spells.

Skills:
 Fighting Skills
   bare handed combat [Unskilled]
   two weapon combat  [Unskilled]
   riding             [Unskilled]
 Weapon Skills
   dagger             [Basic]
   knife              [Unskilled]
   short sword        [Basic]
   broadsword         [Unskilled]
   long sword         [Unskilled]
   two-handed sword   [Unskilled]
   saber              [Unskilled]
   club               [Unskilled]
   mace               [Unskilled]
   morning star       [Unskilled]
   flail              [Unskilled]
   hammer             [Unskilled]
   polearms           [Unskilled]
   spear              [Unskilled]
   crossbow           [Unskilled]
   dart               [Unskilled]
   shuriken           [Unskilled]
 Spellcasting Skills
   divination spells  [Unskilled]
   escape spells      [Unskilled]
   matter spells      [Unskilled]

Voluntary challenges:
 Character rerolling was not enabled.
 You followed a strict vegan diet.
 You were an atheist.
 You were illiterate.
 You never genocided any monsters.
 You never polymorphed an object.
 You never changed form.
 You used no wishes.
Achievements:
 You entered a shop.
 You attained the rank of Cutpurse.
 You entered the Gnomish Mines.

 The Dungeons of Doom: levels 1 to 4
    Level 1:
    Level 2:
       An altar to Kos.
    Level 3: <- You were here.
       A general store, an altar, many fountains.
       Stairs down to The Gnomish Mines.
       Final resting place for
          you, killed by a hallucinogen-distorted giant bat.
    Level 4:
 The Gnomish Mines:
    Level 4:


Vanquished creatures:
 an acid blob
  a brown mold
  3 yellow molds
  a gecko
  7 jackals
  a fox
  a kobold
  4 goblins
  3 grid bugs
  2 lichens
  2 newts
26 creatures vanquished.

No species were genocided or became extinct.

Game over:
                       ----------
                      /          \
                     /    REST    \
                    /      IN      \
                   /     PEACE      \
                  /                  \
                  |   Ch3Begorrah    |
                  |      72 Au       |
                  |   killed by a    |
                  | hallucinogen-dis |
                  | torted giant bat |
                  |                  |
                  |       2026       |
                 *|     *  *  *      | *
        _________)/\\_//(\/(/\)/\//\/|_)_______

Goodbye Ch3Begorrah the Rogue...

You died in The Dungeons of Doom on dungeon level 3 with 457 points,
and 72 pieces of gold, after 1575 moves.
You were level 3 with a maximum of 21 hit points when you died.

